 Dungeon Crawl Stone Soup version 0.24.1-4-ge52af88ad5 (webtiles) character file.

Game seed: 11348709616685764453, levelgen mode: deterministic

81 Nalzurin the Grave Robber (level 4, 0/30 HPs)
             Began as a Demonspawn Necromancer on Apr 18, 2020.
             Slain by Purgy (3 damage)
             ... on level 3 of the Dungeon.
             The game lasted 00:12:54 (2166 turns).

Nalzurin the Grave Robber (Demonspawn Necromancer)  Turns: 2166, Time: 00:12:55

Health: 0/30       AC:  3    Str:  9    XL:     4   Next: 19%
Magic:  7/8        EV: 12    Int: 17    God:
Gold:   37         SH:  4    Dex: 13    Spells: 8/9 levels left

rFire    . . .     SeeInvis .   m - +0 short sword
rCold    . . .     Gourm    .   (no shield)
rNeg     + . .     Faith    .   p - +1 robe {rN+}
rPois    .         Spirit   .   (helmet restricted)
rElec    .         Reflect  .   (no cloak)
rCorr    .         Harm     .   (no gloves)
MR       .....                  (no boots)
Stlth    ++........             (no amulet)
HPRegen  0.10/turn              (no ring)
MPRegen  0.11/turn              (no ring)

@: no status effects
A: horns 1, large bone plates 1
a: no special abilities


You were on level 3 of the Dungeon.
You were not hungry.

You visited 1 branch of the dungeon, and saw 3 of its levels.
You also visited: Sewer.

You collected 37 gold pieces.

Inventory:

Hand Weapons
 f - a +0 club
 l - a +0 short sword
 m - a +0 short sword (weapon)
Missiles
 e - 29 stones (quivered)
 i - 23 sling bullets
Armour
 a - a +0 robe
 g - a +0 leather armour
 p - a +1 robe of positive energy (worn)
Jewellery
 n - a cursed ring of attention {unknown}
Scrolls
 b - a scroll of amnesia
 d - 4 scrolls of teleportation
 h - a scroll of enchant armour
 k - 2 scrolls of fear {unknown}
 o - a scroll of vulnerability {unknown}
 q - a scroll of magic mapping {unknown}
Potions
 j - 2 potions of heal wounds {unknown}
Comestibles
 c - a ration


   Skills:
 + Level 0.2 Short Blades
 + Level 1.8 Dodging
 + Level 1.8 Stealth
 + Level 0.2 Unarmed Combat
 + Level 3.0 Spellcasting
 + Level 5.5 Necromancy


You had 8 spell levels left.
You knew the following spells:

 Your Spells              Type           Power        Failure   Level  Hunger
a - Pain                  Necr           ###.         1%          1    None

Your spell library contained the following spells:

 Spells                   Type           Power        Failure   Level  Hunger
 Animate Skeleton         Necr           N/A          1%          1    None
 Vampiric Draining        Necr           ###.......   5%          3    ###....
 Regeneration             Chrm/Necr      ##........   17%         3    ###....
 Animate Dead             Necr           N/A          19%         4    ####...


Dungeon Overview and Level Annotations

Branches:
Dungeon (3/15)              Sewer (visited)

Altars:
Xom

Annotations:
D:3 Purgy


Innate Abilities, Weirdness & Mutations

You have a pair of small horns on your head.
You are partially covered in large bone plates. (SH +4)


Message History

Purgy is moderately wounded.
Purgy bites you. Purgy closely misses you. Purgy claws you.
* * * LOW HITPOINT WARNING * * *
Purgy closely misses you. Purgy claws you.
* * * LOW HITPOINT WARNING * * *
Purgy barely misses you. Purgy barely misses you. Purgy claws you.
* * * LOW HITPOINT WARNING * * *
Purgy completely misses you.
There is an empty arch of ancient stone here.
There is a gate leading back out of this place here.
Welcome back to the Dungeon!
There is a collapsed entrance here.
You can't go down here!
You hit Purgy. You headbutt Purgy.
Purgy is lightly wounded.
You block Purgy's attack. Purgy barely misses you. Purgy claws you.
* * * LOW HITPOINT WARNING * * *
Purgy barely misses you. Purgy claws you.
You die...

######### ##≈≈†.≈†.##
#≈#######≈# #≈##≈≈)≈#.#
#≈#≈###≈#.##.
#.##T@#≈#≈##.
#≈#####≈#≈##.
####≈≈≈.≈##≈##.
#..########≈##.#
#.#%†≈≈†≈≈≈###.#
#.##########...########
#............#...<....#
#################.###.#
#.#


You could see Purgy.

Vanquished Creatures
  Jessica (D:2)
  2 adders
  5 leopard geckos
  A ball python (D:2)
  3 giant cockroaches
  2 goblins
  3 hobgoblins (D:1)
  2 bats
  3 frilled lizards
  4 kobolds
  6 rats
32 creatures vanquished.

Notes
Turn   | Place    | Note
-------+----------+-------------------------------------------
     0 | D:1      | Nalzurin the Demonspawn Necromancer began the quest for the
                  | Orb.
     0 | D:1      | Reached XP level 1. HP: 13/13 MP: 3/3
   667 | D:1      | Gained mutation: You have a pair of small horns on your
                  | head. [demonic ancestry]
   667 | D:1      | Reached XP level 2. HP: 18/19 MP: 1/5
  1320 | D:1      | Reached skill level 5 in Necromancy
  1681 | D:2      | Reached XP level 3. HP: 23/24 MP: 2/6
  1682 | D:2      | Noticed Jessica
  1692 | D:2      | Killed Jessica
  1856 | D:2      | Found a shimmering altar of Xom.
  1915 | D:3      | Gained mutation: You are partially covered in large bone
                  | plates. (SH +4) [demonic ancestry]
  1915 | D:3      | Reached XP level 4. HP: 24/30 MP: 2/8
  2030 | D:3      | Found a glowing drain.
  2034 | Sewer    | Entered a sewer
  2140 | Sewer    | Noticed Purgy
  2166 | D:3      | Slain by Purgy

Levels and vault maps discovered:
D:1:      dpeg_arrival_simpleton_a, layout_basic
D:2:      layout_basic, nicolae_overflow_hidden_temple,
          okawaru_ov_weapons_minmay, uniq_natasha, uniq_jessica
D:3:      layout_loops_ring, first_ration, gup_sewer_entry_spiral,
          minmay_goblin_kobold_house

Skill      XL: |  1  2  3  4 |
---------------+-------------+-----
Necromancy     | 5 |  5.5
Spellcasting   | 3 |  3.0
Short Blades   | |  0.2
Dodging        | |  1.8
Stealth        | |  1.8
Unarmed Combat | |  0.2

Action                   |  1- 3 |  4- 6 || total
-------------------------+-------+-------++-------
Melee: Unarmed           |    10 |       ||    10
       Short sword       |    15 |     4 ||    19
       Headbutt          |     3 |     1 ||     4
 Cast: Pain              |    32 |    17 ||    49
  Use: Scroll            |     5 |       ||     5
  Eat: Chunk             |     2 |       ||     2
       Ration            |       |     1 ||     1
Armor: Robe              |     9 |     3 ||    12
Dodge: Dodged            |    29 |    15 ||    44
Block: Other             |       |     5 ||     5
